 Dungeon Crawl Stone Soup version 0.26-a0-651-gb41185065b (webtiles) character file.

Game seed: 13037603679590078752

4 Lanoc the Charlatan (level 1, -3/15 HPs)
             Began as a Demonspawn Artificer on Oct 27, 2020.
             Slain by a goblin
             ... wielding a +0 club
             ... led by Robin
              (8 damage)
             ... on level 2 of the Dungeon.
             The game lasted 00:00:15 (93 turns).

Lanoc the Charlatan (Demonspawn Artificer)            Turns: 93, Time: 00:00:16

Health: -3/15      AC:  3    Str: 12    XL:     1   Next: 58%
Magic:  1/1        EV: 11    Int: 12    God:
Gold:   6          SH:  0    Dex: 13    Spells: 0/0 levels left

rFire    . . .     SeeInvis .   a - +0 club
rCold    . . .     Faith    .   (no shield)
rNeg     . . .     Spirit   .   b - +0 leather armour
rPois    .         Reflect  .   (no helmet)
rElec    .         Harm     .   (no cloak)
rCorr    .         Rampage  .   (no gloves)
MR       .....                  (no boots)
Stlth    +.........             (no amulet)
HPRegen  0.05/turn              (no ring)
MPRegen  0.07/turn              (no ring)

@: no status effects
A: no striking features
a: no special abilities


You were on level 2 of the Dungeon.
You visited 1 branch of the dungeon, and saw 2 of its levels.

You collected 6 gold pieces.

Inventory:

Hand Weapons
 a - a +0 club (weapon)
Armour
 b - a +0 leather armour (worn)
Wands
 c - a wand of flame (15)
 d - a wand of enslavement (15)
 e - a wand of random effects (15)
Scrolls
 f - a scroll of enchant weapon {unknown}
 g - a scroll of identify {unknown}
Potions
 h - a potion of berserk rage {unknown}


   Skills:
 + Level 1.1 Fighting
 + Level 1.8 Armour
 + Level 1.0 Dodging
 - Level 0.8 Stealth
 * Level 3.1 Evocations


You couldn't memorise any spells.
You didn't know any spells.
Your spell library was empty.

Dungeon Overview and Level Annotations

Branches:
Dungeon (2/15)

Altars:

Annotations:
D:2 Robin


Message History

You climb downwards. 7 goblins, 3 hobgoblins and Robin come into view.
Robin shouts!
The goblin shouts!
The hobgoblin shouts!
The goblin shouts!
The hobgoblin shouts! x2; The goblin shouts!
You hear an angry hiss.
There is a stone staircase leading up here. 2 goblins come into view.
The goblin shouts! x3
Robin throws the goblin at you!
The goblin shouts!
You hit the goblin but do no damage. The goblin hits you but does no damage.
The goblin misses you. Robin throws the goblin at you! The goblin hits you.
The hobgoblin barely misses you. The goblin hits you but does no damage.
The goblin hits you with a +0 dagger.
Robin roars a battlecry!
The goblins go into a battle-frenzy!
The goblin barely misses you.
You hear a shout!
The goblin hits you with a +0 club!
Ouch! That really hurt!
You die...

. #######+##
..#........
....g.....
.......g. .
....gggg#+# ...
#...gg.g#.##....
.....g.gg.......
.......g@.##....
####..###.# .
...#. ... ##.#.
..... # # ...###
...# ..## ..#


You could see Robin, 3 hobgoblins and 9 goblins.

Vanquished Creatures
  A dart slug (D:1)
  A goblin (D:1)
  A rat (D:1)
3 creatures vanquished.

Notes
Turn   | Place    | Note
-------+----------+-------------------------------------------
     0 | D:1      | Lanoc the Demonspawn Artificer began the quest for the Orb.
     0 | D:1      | Reached XP level 1. HP: 15/15 MP: 1/1
    30 | D:1      | Reached skill level 1 in Dodging
    89 | D:2      | Noticed Robin
    93 | D:2      | Slain by a goblin

Illustrated notes

Levels and vault maps discovered:
D:1:      minmay_arrival_solitary_statue, layout_loops_ring,
          palyth_stone_intersect
D:2:      layout_basic, nicolae_dithmenos_through_a_glass_darkly,
          nicolae_overflow_hidden_temple, uniq_robin

Skill      XL: |  1 |
---------------+----+-----
Dodging        | 1 |  1.0
Fighting       | |  1.1
Armour         | |  1.8
Stealth        | |  0.8
Evocations     | |  3.1

Action                   || total
-------------------------++-------
Melee: Club              ||    14
 Stab: Sleeping          ||     1
Armor: Leather armour    ||     5
Dodge: Dodged            ||    12

Table legend: (Time is in decaauts)
 A = Elapsed time spent in this place.
 B = Non-inter-level travel time spent in this place.
 C = Inter-level travel time spent in this place.
 D = Time resting spent in this place.
 E = Time spent auto-exploring this place.
 F = Levels seen in this place.
 G = Mean time per level.
                   A        B        C        D        E       F      G
               +--------+--------+--------+--------+--------+-----+--------+
         Total |     96 |     88 |      8 |      0 |     52 |   2 |   48.0 |
       Dungeon |     96 |     88 |      8 |      0 |     52 |   2 |   48.0 |
               +--------+--------+--------+--------+--------+-----+--------+

Top non-repeatable levels by time:
     D:1: 92 daAuts
     D:2: 4 daAuts
